 Dungeon Crawl Stone Soup version 0.29.0-4-gdea44cf6ec (webtiles) character file.

Game seed: 2916907265080445351

97869 qw the Peltast (level 16, -8/101 HPs)
             Began as a Gargoyle Berserker on Sept 8, 2022.
             Was an Elder of Trog.
             Mangled by an orc knight
             ... wielding a +0 glaive
              (10 damage)
             ... on level 1 of the Orcish Mines.
             The game lasted 00:11:01 (29288 turns).

qw the Peltast (Gargoyle Berserker)                Turns: 29288, Time: 00:11:01

Health: -8/101     AC: 43    Str: 29    XL:     16   Next: 20%
Magic:  0/16       EV: 11    Int:  8    God:    Trog [****..]
Gold:   2245       SH: 19    Dex: 12    Spells: 15/15 levels left

rFire   . . .      SeeInvis +   s - +7 war axe of Duty {vorpal, Dex+3}
rCold   + . .      Faith    .   k - +0 tower shield
rNeg    + . .      Spirit   +   y - +4 plate armour of Resonance {rC+}
rPois   inf        Reflect  .   b - +2 helmet
rElec   +          Harm     .   q - +0 cloak
rCorr   .          Rampage  .   j - +2 pair of gloves
Will    +....                   n - +2 pair of boots
Stlth   ..........              e - amulet of guardian spirit
HPRegen 0.26/turn               i - +4 ring of evasion
MPRegen 0.15/turn               l - ring of see invisible

@: about to teleport, on berserk cooldown, flying, slowed, very slow
A: sickness immunity, AC +12, big wings, negative energy resistance 1,
electricity resistance, torment resistance 1, petrification resistance
a: Renounce Religion, Berserk, Trog's Hand, Brothers in Arms


You were on level 1 of the Orcish Mines.
You worshipped Trog.
Trog was greatly pleased with you.
You visited 3 branches of the dungeon, and saw 21 of its levels.
You also visited: Sewer and Gauntlet.

You collected 2245 gold pieces.


Innate Abilities, Weirdness & Mutations

You are immune to sickness and miasma.
Your stone body is resilient. (AC +12)
You are immune to poison.
Your large and strong wings let you fly.
You resist negative energy. (rN+)
You are resistant to electric shocks. (rElec)
You are resistant to unholy torment.
You are immune to petrification.


   Skills:
 - Level 12.0 Fighting
 - Level 16.0 Axes
 + Level 6.8 Throwing
 - Level 12.0 Armour
 - Level 3.2 Dodging
 - Level 17.0 Shields


You had 15 spell levels left.
You didn't know any spells.
Your spell library was empty.

Inventory:

Hand Weapons
 s - the +7 war axe of Duty (weapon) {vorpal, Dex+3}
   (You found it on level 12 of the Dungeon)

   It inflicts extra damage upon your enemies.
   Dex:       It affects your dexterity (+3).
 z - a +0 hand axe of flaming
Missiles
 w - 7 silver javelins (quivered)
 x - 8 boomerangs
Armour
 b - a +2 helmet (worn)
 j - a +2 pair of gloves (worn)
 k - a +0 tower shield (worn)
 n - a +2 pair of boots (worn)
 q - a +0 cloak (worn)
 y - the +4 plate armour of Resonance (worn) {rC+}
   (You found it on level 10 of the Dungeon)

   rC:        It protects you from cold.
Jewellery
 e - an amulet of guardian spirit (around neck)
 i - a +4 ring of evasion (left hand)
 l - a ring of see invisible (right hand)
 m - an amulet of regeneration
 p - the amulet "Miotupp" {RegenMP Fragile Str+7 SInv}
   (You found it on level 9 of the Dungeon)

   [amulet of magic regeneration]

   It increases your rate of magic regeneration.
   Str:       It affects your strength (+7).
   SInv:      It lets you see invisible.
   Fragile:   It will be destroyed if unequipped.
 u - a +4 ring of protection
 v - a ring of fire
Scrolls
 d - 17 scrolls of identify
 g - a scroll of teleportation
 B - 2 scrolls of enchant weapon
Potions
 a - 5 potions of haste
 f - a potion of resistance
 h - 9 potions of curing
 o - 2 potions of might
 r - 6 potions of mutation
 t - 2 potions of cancellation

Dungeon Overview and Level Annotations

Branches:
Dungeon (15/15)            Temple (0/1) D:7            Lair (5/5) D:9
  Swamp (0/4) Lair:2        Snake (0/4) Lair:3        Slime (0/5) Lair:4
    Orc (1/2) D:12         Vaults (0/5) D:14         Depths (0/4) D:15
  Sewer (visited)         Gauntlet (visited)

Altars:
Ashenzari
Elyvilon
Fedhas
Gozag
Nemelex Xobeh
Okawaru
Qazlal
Ru
Trog
Uskayaw
Wu Jian
Yredelemnul
The Shining One
Jiyva

Shops:
D:1 *   D:15 *

Annotations:
D:6 1 runed translucent door, Crazy Yiuf


Message History

The orc knight roars a battlecry!
The orcs go into a battle-frenzy!
You block the orc knight's attack.
You slice the orc knight!!
The orc knight is moderately wounded.
You hit the orc knight but do no damage.
The orc knight no longer looks unusually strong.
The orc knight hits you but does no damage.
The orc knight closely misses you. You block the orc knight's attack. x2
You hit the orc knight but do no damage.
The orc knight is moderately wounded.
You hit the orc knight but do no damage.
You block the orc knight's attack. x2
You hit the orc knight.
The orc knight is moderately wounded.
You hit the orc knight but do no damage.
The orc knight hits you but does no damage.
The orc knight roars a battlecry!
The orc knight goes into a battle-frenzy!
The orc knight hits you with a +1 great sword of electrocution!
You hit the orc knight but do no damage.
The orc knight is moderately wounded.
You hit the orc knight but do no damage.
You block the orc knight's attack. x2
The orc knight hits you with a +0 glaive!!
The orc knight hits you with a +1 great sword of electrocution!!
29286 ||| READING 2 scrolls of teleportation.
As you read the scroll of teleportation, it crumbles to dust.
You feel strangely unstable. You block the orc knight's attack. x2
You hit the orc knight.
The orc knight is moderately wounded.
You closely miss the orc knight. You block the orc knight's attack. x2
You hit the orc knight but do no damage.
The orc knight is moderately wounded.
You hit the orc knight.
The orc knight no longer looks unusually strong.
The orc knight hits you with a +0 glaive!
You die...

### ## # ##.####.###
.##....#....##
..#.....#....#
.......#.....# ####
.....#......# ###...#
.......<....###.#oo.#
...#.....#.#.#..#oo.#
..#............)@ooo#
...............)#####
.............#...#
............###..##
..............#...#
...............#.##
.......#.#.##.##.##
#.....#########...#
.....## ##.##


You could see 3 orc knights, an orc warrior (strong) and 3 orcs.

Vanquished Creatures
  Gastronok (Lair:1)
  Kirke (Lair:2)
  A minotaur (Gauntlet)
  An ettin (D:15)
  Fannar (D:11)
  5 hydras
  2 boulder beetles
  An ogre mage (D:14)
  10 centaur warriors
  Erica (D:11)
  A merfolk avatar (Lair:5)
  13 two-headed ogres
  A tengu warrior (D:15)
  4 death yaks (Lair:2)
  Lodul (D:10)
  A fire crab (Gauntlet)
  4 skeletal warriors (D:13)
  A sea snake (Lair:5)
  A lindwurm (Lair:5)
  A deep troll (D:15)
  A necromancer (D:15)
  A harpy (Lair:5)
  3 orc knights
  An oklob plant (Lair:2)
  7 ugly things
  2 deep elf pyromancers
  2 mana vipers (shapeshifter)
  5 cyclopes
  A manticore (D:14)
  Joseph (Lair:1)
  7 elephants
  A gargoyle (D:13)
  14 cane toads
  7 black mambas
  A kobold demonologist (D:11)
  An unseen horror (D:11)
  13 komodo dragons
  13 rime drakes
  A tengu conjurer (D:15)
  A freezing wraith (D:10)
  A queen bee (Gauntlet)
  6 polar bears
  7 trolls
  6 meliai
  2 hornets (Lair:5)
  Grinder (D:3)
  5 slime creatures
  10 blink frogs
  A wind drake (Lair:5)
  2 snapping turtles (Lair:5)
  6 dream sheep (Lair:5)
  16 humans (D:14)
  3 fire bats (Gauntlet)
  A hog (shapeshifter) (D:14)
  8 wyverns
  6 wraiths
  9 basilisks
  46 yaks
  2 steam dragons (Lair:5)
  2 large abominations (Gauntlet)
  3 hogs (Lair:2)
  Menkaure (D:5)
  8 wargs
  9 vampire mosquitoes
  3 nagas (Lair:3)
  4 hell hounds
  An acid dragon (D:10)
  20 water moccasins
  A swamp drake (Lair:2)
  5 orc warriors
  2 black bears
  2 sky beasts (D:6)
  12 ogres
  10 wolves
  14 boggarts
  8 centaurs
  5 small abominations (Gauntlet)
  Blork the orc (D:4)
  3 kobold brigands
  A phantom (D:5)
  An elf zombie (D:5)
  2 necrophages
  3 scorpions
  11 bullfrogs
  2 elf skeletons (D:5)
  12 wights
  15 killer bees
  4 electric eels
  4 howler monkeys
  5 jellies
  7 orc priests
  A gnoll bouda (D:8)
  4 hounds
  A human skeleton (D:5)
  8 orc wizards
  8 iguanas
  6 hell rats (Lair:3)
  3 centaur simulacra
  Robin (D:3)
  17 gnolls
  6 adders
  A river rat (D:3)
  A shadow imp (D:6)
  3 white imps
  3 worms
  2 dart slugs
  36 orcs
  12 ball pythons
  10 bats
  6 endoplasms
  A giant cockroach (D:2)
  17 goblins
  5 hobgoblins
  19 kobolds
  3 quokkas
  6 frilled lizards
  An orc skeleton (D:5)
  An orc zombie (D:5)
  8 rats
644 creatures vanquished.

Vanquished Creatures (collateral kills)
  A hydra (Lair:3)
  A centaur warrior (D:13)
  An elephant (Lair:5)
  A black mamba (Lair:5)
  A cane toad (shapeshifter) (D:13)
  2 wyverns (Lair:3)
  A steam dragon (Lair:5)
  A water moccasin (Lair:5)
  3 hell rats (Lair:3)
12 creatures vanquished.

Vanquished Creatures (others)
  A guardian serpent (shapeshifter) (D:13)
  2 humans (Lair:3)
  A fire vortex (Lair:2)
  35 fungi
  86 plants
125 creatures vanquished.

Grand Total: 781 creatures vanquished

Notes
Turn   | Place    | Note
-------+----------+-------------------------------------------
     0 | D:1      | qw the Gargoyle Berserker began the quest for the Orb.
     0 | D:1      | Reached XP level 1. HP: 14/14 MP: 1/1
     0 | D:1      | 0 ||| qw: Version: 0.1-a-112-g44dc6cd
     0 | D:1      | 0 ||| qw: Game counter: 6829
     0 | D:1      | 0 ||| qw: Always use a shield: true
     0 | D:1      | 0 ||| qw: Do Orc after D:15 true
     0 | D:1      | 0 ||| qw: Do second Lair branch before Depths: true
     0 | D:1      | 0 ||| qw: Lair rune preference: random
     0 | D:1      | 0 ||| qw: Plans: Normal
     0 | D:1      | 0 ||| PLANNING D:1-11
   209 | D:1      | Reached skill level 3 in Axes
   411 | D:1      | 411 ||| Stepping ~*~*~tactically~*~*~ (stealth).
   422 | D:1      | 422 ||| Stepping ~*~*~tactically~*~*~ (hiding).
   429 | D:1      | Reached XP level 2. HP: 19/19 MP: 2/2
   532 | D:1      | Found Hisubep's General Store.
   687 | D:1      | 687 ||| SHOPLISTING +0 flail (42 gold, have 24).
   687 | D:1      | 687 ||| SHOPLISTING scroll of teleportation (36 gold, have
                  | 24).
   983 | D:1      | 983 ||| DROPPING +0 club.
  1352 | D:1      | 1352 ||| UPGRADING to +0 scale mail.
  1362 | D:1      | 1362 ||| DROPPING +0 animal skin.
  1363 | D:1      | 1363 ||| UPGRADING to +4 ring of evasion.
  1364 | D:1      | 1364 ||| READING scroll labelled YTRUHA ZOUSTYB.
  1365 | D:1      | 1365 ||| READING 4 scrolls labelled ZAONOW XITUCEJ.
  1366 | D:1      | 1366 ||| READING scroll labelled NYCI PEONEI.
  1371 | D:1      | 1371 ||| READING 3 scrolls of identify.
  1371 | D:1      | 1371 ||| IDENTIFYING fizzy ruby potion
  1372 | D:1      | 1372 ||| READING 2 scrolls of identify.
  1372 | D:1      | 1372 ||| IDENTIFYING metallic emerald potion
  1373 | D:1      | 1373 ||| DROPPING potion of berserk rage.
  1374 | D:1      | 1374 ||| DROPPING potion of brilliance.
  1413 | D:2      | Reached XP level 3. HP: 23/23 MP: 3/3
  1595 | D:2      | 1595 ||| FLEEEEING.
  1596 | D:2      | 1596 ||| FLEEEEING.
  1597 | D:2      | 1597 ||| FLEEEEING.
  1598 | D:2      | 1598 ||| FLEEEEING.
  1599 | D:2      | 1599 ||| FLEEEEING.
  1600 | D:2      | 1600 ||| FLEEEEING.
  1601 | D:2      | 1601 ||| FLEEEEING.
  1602 | D:2      | 1602 ||| FLEEEEING.
  1603 | D:2      | 1603 ||| FLEEEEING.
  1604 | D:2      | 1604 ||| FLEEEEING.
  1605 | D:2      | 1605 ||| FLEEEEING.
  1606 | D:2      | 1606 ||| FLEEEEING.
  1607 | D:2      | 1607 ||| STAIRDANCE
  1668 | D:1      | 1668 ||| READING scroll labelled DANABL OMYFUF.
  1669 | D:1      | 1669 ||| READING scroll labelled CUWUOGGA SEADU.
  1939 | D:2      | 1939 ||| INVOKING Berserk.
  2107 | D:2      | Reached ** piety under Trog
  2131 | D:2      | Reached XP level 4. HP: 26/28 MP: 4/4
  2148 | D:2      | 2148 ||| Stepping ~*~*~tactically~*~*~ (stealth).
  2152 | D:2      | 2152 ||| Stepping ~*~*~tactically~*~*~ (stealth).
  2190 | D:2      | 2190 ||| UPGRADING to amulet of guardian spirit.
  2195 | D:2      | 2195 ||| DRINKING 3 fuming pink potions.
  2196 | D:2      | 2196 ||| DRINKING 2 fuming ruby potions.
  2197 | D:2      | 2197 ||| READING 3 scrolls of identify.
  2197 | D:2      | 2197 ||| IDENTIFYING fuming silvery potion
  2198 | D:2      | 2198 ||| READING 2 scrolls of identify.
  2198 | D:2      | 2198 ||| IDENTIFYING dark potion
  2199 | D:2      | 2199 ||| DROPPING potion of attraction.
  2200 | D:2      | 2200 ||| DROPPING 2 potions of degeneration.
  2237 | D:3      | 2237 ||| PLANNING SEWER
  2258 | D:3      | 2258 ||| Stepping ~*~*~tactically~*~*~ (stealth).
  2260 | D:3      | Noticed Robin
  2268 | D:3      | 2268 ||| INVOKING Berserk.
  2269 | D:3      | Noticed Grinder
  2272 | D:3      | Killed Robin
  2285 | D:3      | 2285 ||| INVOKING Trog's Hand.
  2296 | D:3      | 2296 ||| INVOKING Trog's Hand.
  2303 | D:3      | Killed Grinder
  2304 | D:3      | Reached skill level 6 in Axes
  2304 | D:3      | Reached XP level 5. HP: 32/32 MP: 3/5
  2304 | D:3      | Reached XP level 6. HP: 37/37 MP: 3/6
  2335 | D:3      | 2335 ||| SWAPPING to +0 war axe.
  2336 | D:3      | 2336 ||| DROPPING +0 hand axe of venom.
  2345 | D:3      | Found a faded altar of an unknown god.
  2421 | D:3      | Found a glowing drain.
  2459 | D:3      | 2459 ||| UPGRADING to +0 helmet.
  2464 | D:3      | 2464 ||| READING scroll labelled RUAM KODEUWI.
  2465 | D:3      | 2465 ||| READING scroll labelled TAISESHONLE.
  2484 | Sewer    | Entered a sewer
  2511 | Sewer    | Noticed a water moccasin
  2520 | Sewer    | Killed a water moccasin
  2643 | Sewer    | 2643 ||| DROPPING +0 whip.
  2679 | Sewer    | 2679 ||| UPGRADING to +0 chain mail.
  2689 | Sewer    | 2689 ||| DROPPING +0 scale mail.
  2690 | Sewer    | 2690 ||| READING scroll labelled LAIHIMUYQU.
  2705 | D:3      | 2705 ||| PLANNING D:1-11
  2782 | D:3      | 2782 ||| INVOKING Berserk.
  2788 | D:3      | Reached XP level 7. HP: 44/44 MP: 7/7
  2793 | D:3      | Reached skill level 3 in Armour
  2999 | D:3      | 2999 ||| INVOKING Berserk.
  3262 | D:3      | 3262 ||| UPGRADING to +0 pair of gloves.
  3267 | D:3      | 3267 ||| DRINKING 2 murky ruby potions.
  3268 | D:3      | 3268 ||| DROPPING potion of flight.
  3316 | D:4      | 3316 ||| Stepping ~*~*~tactically~*~*~ (hiding).
  3428 | D:4      | Noticed Blork the orc
  3429 | D:4      | 3429 ||| Stepping ~*~*~tactically~*~*~ (hiding).
  3430 | D:4      | 3430 ||| Stepping ~*~*~tactically~*~*~ (hiding).
  3433 | D:4      | 3433 ||| INVOKING Berserk.
  3441 | D:4      | Killed Blork the orc
  3470 | D:4      | 3470 ||| Stepping ~*~*~tactically~*~*~ (stealth).
  3472 | D:4      | 3472 ||| FLEEEEING.
  3473 | D:4      | 3473 ||| Stepping ~*~*~tactically~*~*~ (stealth).
  3475 | D:4      | 3475 ||| Stepping ~*~*~tactically~*~*~ (stealth).
  3555 | D:4      | 3555 ||| INVOKING Berserk.
  3839 | D:4      | 3839 ||| INVOKING Berserk.
  3930 | D:4      | Reached *** piety under Trog
  3934 | D:4      | Reached XP level 8. HP: 48/49 MP: 8/8
  4080 | D:4      | 4080 ||| DROPPING +0 flail.
  4161 | D:4      | 4161 ||| Stepping ~*~*~tactically~*~*~ (hiding).
  4162 | D:4      | 4162 ||| Stepping ~*~*~tactically~*~*~ (hiding).
  4163 | D:4      | 4163 ||| Stepping ~*~*~tactically~*~*~ (hiding).
  4164 | D:4      | 4164 ||| Stepping ~*~*~tactically~*~*~ (hiding).
  4165 | D:4      | 4165 ||| Stepping ~*~*~tactically~*~*~ (hiding).
  4169 | D:4      | 4169 ||| INVOKING Berserk.
  4672 | D:4      | 4672 ||| READING scroll of enchant armour.
  4672 | D:4      | 4672 ||| ENCHANTING +0 pair of gloves.
  4751 | D:4      | 4751 ||| READING scroll labelled HOAPPUN TADA.
  4848 | D:3      | Found a blossoming altar of Fedhas.
  4887 | D:5      | Entered Level 5 of the Dungeon
  4888 | D:5      | 4888 ||| PLANNING OSSUARY
  4888 | D:5      | Noticed Menkaure
  4889 | D:5      | 4889 ||| Stepping ~*~*~tactically~*~*~ (hiding).
  4891 | D:5      | 4891 ||| INVOKING Berserk.
  4897 | D:5      | Killed Menkaure
  5088 | D:5      | Reached skill level 1 in Throwing
  5135 | D:5      | Found an iron altar of Okawaru.
  5213 | D:5      | 5213 ||| Stepping ~*~*~tactically~*~*~ (stealth).
  5214 | D:5      | 5214 ||| Stepping ~*~*~tactically~*~*~ (stealth).
  5411 | D:5      | 5411 ||| INVOKING Berserk.
  5413 | D:5      | Reached skill level 6 in Fighting
  5529 | D:5      | Found an ornate altar of the Wu Jian Council.
  5541 | D:5      | Noticed a spectral centipede
  5541 | D:5      | Noticed a spectral black mamba
  5646 | D:5      | 5646 ||| RIP OSSUARY
  5668 | D:5      | 5668 ||| PLANNING D:1-11
  5903 | D:5      | Reached skill level 9 in Axes
  5917 | D:5      | Reached XP level 9. HP: 56/56 MP: 9/9
  6019 | D:5      | 6019 ||| READING scroll labelled MUYNUO ZUILUTA.
  6020 | D:5      | 6020 ||| READING 3 scrolls of identify.
  6020 | D:5      | 6020 ||| IDENTIFYING murky yellow potion
  6021 | D:5      | 6021 ||| READING 2 scrolls of identify.
  6021 | D:5      | 6021 ||| IDENTIFYING yellow potion
  6022 | D:5      | 6022 ||| DROPPING potion of lignification.
  6140 | D:6      | 6140 ||| INVOKING Berserk.
  6262 | D:6      | 6262 ||| FLEEEEING.
  6263 | D:6      | 6263 ||| FLEEEEING.
  6264 | D:6      | 6264 ||| FLEEEEING.
  6265 | D:6      | 6265 ||| FLEEEEING.
  6266 | D:6      | 6266 ||| FLEEEEING.
  6408 | D:6      | 6408 ||| Stepping ~*~*~tactically~*~*~ (hiding).
  6837 | D:6      | 6837 ||| INVOKING Berserk.
  6962 | D:6      | 6962 ||| SWAPPING to +1 war axe of draining.
  6963 | D:6      | 6963 ||| DROPPING +0 war axe.
  7084 | D:6      | 7084 ||| INVOKING Berserk.
  7363 | D:6      | Found a runed translucent door.
  7364 | D:6      | Noticed Crazy Yiuf
  7547 | D:6      | 7547 ||| READING scroll labelled ECLIJA EHAOMI.
  7548 | D:6      | 7548 ||| READING scroll labelled PEISUY LOECOCH.
  7619 | D:7      | 7619 ||| Stepping ~*~*~tactically~*~*~ (stealth).
  7642 | D:7      | 7642 ||| Stepping ~*~*~tactically~*~*~ (stealth).
  7647 | D:7      | 7647 ||| INVOKING Berserk.
  7833 | D:7      | 7833 ||| INVOKING Berserk.
  7969 | D:7      | 7969 ||| Stepping ~*~*~tactically~*~*~ (stealth).
  7991 | D:7      | 7991 ||| Stepping ~*~*~tactically~*~*~ (stealth).
  7993 | D:7      | 7993 ||| Stepping ~*~*~tactically~*~*~ (stealth).
  7994 | D:7      | 7994 ||| Stepping ~*~*~tactically~*~*~ (stealth).
  8019 | D:7      | Reached skill level 6 in Armour
  8019 | D:7      | Reached XP level 10. HP: 54/64 MP: 8/10
  8147 | D:7      | 8147 ||| FLEEEEING.
  8148 | D:7      | 8148 ||| FLEEEEING.
  8149 | D:7      | 8149 ||| FLEEEEING.
  8150 | D:7      | 8150 ||| FLEEEEING.
  8343 | D:7      | Found a hide-covered altar of Uskayaw.
  8369 | D:7      | Reached **** piety under Trog
  8383 | D:7      | 8383 ||| Stepping ~*~*~tactically~*~*~ (stealth).
  8385 | D:7      | 8385 ||| Stepping ~*~*~tactically~*~*~ (stealth).
  8386 | D:7      | 8386 ||| Stepping ~*~*~tactically~*~*~ (stealth).
  8393 | D:7      | 8393 ||| FLEEEEING.
  8394 | D:7      | 8394 ||| FLEEEEING.
  8395 | D:7      | 8395 ||| FLEEEEING.
  8398 | D:7      | 8398 ||| FLEEEEING.
  8399 | D:7      | 8399 ||| FLEEEEING.
  8473 | D:7      | 8473 ||| READING scroll of enchant armour.
  8473 | D:7      | 8473 ||| ENCHANTING +1 pair of gloves.
  8504 | D:7      | Found a staircase to the Ecumenical Temple.
  8594 | D:7      | 8594 ||| Stepping ~*~*~tactically~*~*~ (stealth).
  8596 | D:7      | Found a sparkling altar of Nemelex Xobeh.
  8691 | D:7      | 8691 ||| UPGRADING to +0 tower shield.
  8696 | D:7      | 8696 ||| DRINKING 3 sedimented blue potions.
  8748 | D:8      | Reached skill level 1 in Shields
  8812 | D:8      | Reached skill level 2 in Shields
  8925 | D:8      | 8925 ||| Stepping ~*~*~tactically~*~*~ (stealth).
  8927 | D:8      | 8927 ||| Stepping ~*~*~tactically~*~*~ (stealth).
  9354 | D:8      | Reached skill level 3 in Shields
  9372 | D:8      | 9372 ||| INVOKING Berserk.
  9597 | D:8      | Found a basalt altar of Yredelemnul.
  9744 | D:8      | 9744 ||| DROPPING amulet of faith.
  9745 | D:8      | 9745 ||| READING scroll labelled KEUCWI TOSICESH.
  9746 | D:8      | 9746 ||| READING 4 scrolls of identify.
  9746 | D:8      | 9746 ||| IDENTIFYING green potion
  9747 | D:8      | 9747 ||| DROPPING potion of magic.
  9835 | D:9      | Found a stormy altar of Qazlal.
  9844 | D:9      | Identified the amulet "Miotupp" {RegenMP Fragile Str+7
                  | SInv}
  9965 | D:9      | Reached skill level 4 in Shields
 10126 | D:9      | 10126 ||| INVOKING Berserk.
 10139 | D:9      | Reached skill level 5 in Shields
 10316 | D:9      | Found an opulent altar of Gozag.
 10382 | D:9      | 10382 ||| Stepping ~*~*~tactically~*~*~ (stealth).
 10407 | D:9      | Reached skill level 6 in Shields
 10432 | D:9      | 10432 ||| Stepping ~*~*~tactically~*~*~ (stealth).
 10436 | D:9      | 10436 ||| Stepping ~*~*~tactically~*~*~ (stealth).
 10441 | D:9      | Reached skill level 7 in Shields
 10445 | D:9      | 10445 ||| Stepping ~*~*~tactically~*~*~ (stealth).
 10445 | D:9      | Found a staircase to the Lair.
 10447 | D:9      | Reached ***** piety under Trog
 10453 | D:9      | 10453 ||| FLEEEEING.
 10455 | D:9      | 10455 ||| FLEEEEING.
 10534 | D:9      | 10534 ||| FLEEEEING.
 10612 | D:9      | 10612 ||| PLANNING LAIR
 10612 | D:9      | 10612 ||| UPGRADING to +0 cloak.
 10629 | Lair:1   | Entered Level 1 of the Lair of Beasts
 10634 | Lair:1   | Reached skill level 8 in Shields
 10634 | Lair:1   | Reached XP level 11. HP: 69/69 MP: 11/11
 10675 | Lair:1   | Noticed Joseph
 10676 | Lair:1   | 10676 ||| Stepping ~*~*~tactically~*~*~ (stealth).
 10689 | Lair:1   | Reached skill level 9 in Shields
 10693 | Lair:1   | Killed Joseph
 10872 | Lair:1   | Reached skill level 10 in Shields
 11001 | Lair:1   | 11001 ||| INVOKING Berserk.
 11151 | Lair:1   | 11151 ||| INVOKING Berserk.
 11324 | Lair:1   | 11324 ||| INVOKING Berserk.
 11515 | Lair:1   | Reached skill level 11 in Shields
 11591 | Lair:1   | 11591 ||| INVOKING Berserk.
 11806 | Lair:1   | 11806 ||| Stepping ~*~*~tactically~*~*~ (hiding).
 11813 | Lair:1   | 11813 ||| INVOKING Berserk.
 11877 | Lair:1   | Noticed Gastronok
 11878 | Lair:1   | 11878 ||| Stepping ~*~*~tactically~*~*~ (stealth).
 11885 | Lair:1   | 11885 ||| Stepping ~*~*~tactically~*~*~ (hiding).
 11895 | Lair:1   | 11895 ||| INVOKING Berserk.
 11906 | Lair:1   | Killed Gastronok
 11907 | Lair:1   | Reached skill level 12 in Shields
 12200 | Lair:1   | 12200 ||| INVOKING Berserk.
 12414 | Lair:1   | 12414 ||| READING 3 scrolls of identify.
 12414 | Lair:1   | 12414 ||| IDENTIFYING metallic black potion
 12446 | Lair:2   | 12446 ||| INVOKING Berserk.
 12475 | Lair:2   | 12475 ||| FLEEEEING.
 12476 | Lair:2   | 12476 ||| FLEEEEING.
 12478 | Lair:2   | 12478 ||| STAIRDANCE
 12584 | Lair:2   | 12584 ||| STAIRDANCE
 12586 | Lair:1   | 12586 ||| INVOKING Berserk.
 12603 | Lair:1   | Reached skill level 13 in Shields
 12627 | Lair:2   | 12627 ||| INVOKING Berserk.
 12642 | Lair:2   | Reached XP level 12. HP: 75/75 MP: 10/12
 12649 | Lair:2   | 12649 ||| STAIRDANCE
 12790 | Lair:2   | 12790 ||| READING scroll of brand weapon.
 12790 | Lair:2   | 12790 ||| BRANDING +1 war axe of draining.
 12805 | Lair:2   | 12805 ||| INVOKING Berserk.
 12994 | Lair:2   | 12994 ||| INVOKING Berserk.
 13229 | Lair:2   | Reached skill level 9 in Fighting
 13325 | Lair:2   | Noticed a death yak
 13331 | Lair:2   | 13331 ||| INVOKING Berserk.
 13334 | Lair:2   | Noticed a death yak
 13336 | Lair:2   | Noticed a death yak
 13336 | Lair:2   | Noticed a death yak
 13338 | Lair:2   | Killed a death yak
 13343 | Lair:2   | Reached skill level 14 in Shields
 13350 | Lair:2   | HP: 19/76 [death yak (14)]
 13351 | Lair:2   | 13351 ||| READING 4 scrolls of teleportation.
 13352 | Lair:2   | 13352 ||| DRINKING 2 potions of heal wounds.
 13599 | Lair:2   | 13599 ||| Stepping ~*~*~tactically~*~*~ (stealth).
 13600 | Lair:2   | 13600 ||| INVOKING Berserk.
 13607 | Lair:2   | Killed a death yak
 13614 | Lair:2   | Killed a death yak
 13626 | Lair:2   | Killed a death yak
 14005 | Lair:2   | 14005 ||| FLEEEEING.
 14109 | Lair:2   | 14109 ||| INVOKING Berserk.
 14306 | Lair:2   | Reached skill level 3 in Throwing
 14324 | Lair:2   | 14324 ||| Stepping ~*~*~tactically~*~*~ (stealth).
 14327 | Lair:2   | 14327 ||| Stepping ~*~*~tactically~*~*~ (stealth).
 14328 | Lair:2   | 14328 ||| Stepping ~*~*~tactically~*~*~ (stealth).
 14329 | Lair:2   | 14329 ||| Stepping ~*~*~tactically~*~*~ (stealth).
 14330 | Lair:2   | 14330 ||| Stepping ~*~*~tactically~*~*~ (stealth).
 14339 | Lair:2   | 14339 ||| Stepping ~*~*~tactically~*~*~ (stealth).
 14424 | Lair:2   | Found a staircase to the Swamp.
 14768 | Lair:2   | 14768 ||| UPGRADING to +0 plate armour.
 14778 | Lair:2   | 14778 ||| DROPPING +0 chain mail.
 14779 | Lair:2   | 14779 ||| READING 3 scrolls of identify.
 14779 | Lair:2   | 14779 ||| IDENTIFYING coppery potion
 14780 | Lair:2   | 14780 ||| READING 2 scrolls of identify.
 14780 | Lair:2   | 14780 ||| IDENTIFYING fuming clear potion
 14821 | Lair:3   | 14821 ||| STAIRDANCE
 14823 | Lair:2   | 14823 ||| INVOKING Berserk.
 14933 | Lair:3   | 14933 ||| STAIRDANCE
 14935 | Lair:2   | 14935 ||| INVOKING Berserk.
 15047 | Lair:3   | 15047 ||| STAIRDANCE
 15097 | Lair:3   | 15097 ||| STAIRDANCE
 15114 | Lair:3   | Reached skill level 12 in Axes
 15114 | Lair:3   | 15114 ||| INVOKING Berserk.
 15177 | Lair:3   | Noticed Kirke
 15178 | Lair:3   | 15178 ||| FLEEEEING.
 15179 | Lair:3   | 15179 ||| FLEEEEING.
 15180 | Lair:3   | 15180 ||| STAIRDANCE
 15291 | Lair:3   | 15291 ||| STAIRDANCE
 15293 | Lair:2   | 15293 ||| INVOKING Trog's Hand.
 15294 | Lair:2   | 15294 ||| INVOKING Berserk.
 15303 | Lair:2   | Killed Kirke
 15304 | Lair:2   | Reached skill level 9 in Armour
 15304 | Lair:2   | Reached XP level 13. HP: 80/80 MP: 10/13
 15424 | Lair:3   | 15424 ||| STAIRDANCE
 15426 | Lair:2   | 15426 ||| INVOKING Berserk.
 15572 | Lair:3   | 15572 ||| Stepping ~*~*~tactically~*~*~ (stealth).
 15626 | Lair:3   | Found a staircase to the Snake Pit.
 15644 | Lair:3   | 15644 ||| INVOKING Berserk.
 15655 | Lair:3   | 15655 ||| Stepping ~*~*~tactically~*~*~ (water).
 15661 | Lair:3   | HP: 20/80 [yak (3)]
 15662 | Lair:3   | 15662 ||| READING 3 scrolls of teleportation.
 15663 | Lair:3   | 15663 ||| DRINKING 2 potions of heal wounds.
 15830 | Lair:3   | 15830 ||| Stepping ~*~*~tactically~*~*~ (stealth).
 15846 | Lair:3   | 15846 ||| Stepping ~*~*~tactically~*~*~ (stealth).
 15872 | Lair:3   | 15872 ||| Stepping ~*~*~tactically~*~*~ (stealth).
 15920 | Lair:3   | 15920 ||| Stepping ~*~*~tactically~*~*~ (stealth).
 15921 | Lair:3   | 15921 ||| INVOKING Berserk.
 16070 | Lair:3   | 16070 ||| Stepping ~*~*~tactically~*~*~ (stealth).
 16071 | Lair:3   | 16071 ||| Stepping ~*~*~tactically~*~*~ (stealth).
 16095 | Lair:3   | 16095 ||| INVOKING Brothers in Arms.
 16100 | Lair:3   | 16100 ||| INVOKING Berserk.
 16122 | Lair:3   | 16122 ||| Stepping ~*~*~tactically~*~*~ (stealth).
 16123 | Lair:3   | 16123 ||| Stepping ~*~*~tactically~*~*~ (stealth).
 16125 | Lair:3   | 16125 ||| INVOKING Brothers in Arms.
 16126 | Lair:3   | 16126 ||| SWAPPING to +0 morningstar.
 16130 | Lair:3   | 16130 ||| SWAPPING to +1 vorpal war axe.
 16161 | Lair:3   | 16161 ||| INVOKING Berserk.
 16393 | Lair:3   | 16393 ||| Stepping ~*~*~tactically~*~*~ (stealth).
 16398 | Lair:3   | 16398 ||| Stepping ~*~*~tactically~*~*~ (stealth).
 16403 | Lair:3   | 16403 ||| Stepping ~*~*~tactically~*~*~ (stealth).
 16462 | Lair:3   | 16462 ||| Stepping ~*~*~tactically~*~*~ (stealth).
 16467 | Lair:3   | 16467 ||| Stepping ~*~*~tactically~*~*~ (hiding).
 16468 | Lair:3   | 16468 ||| Stepping ~*~*~tactically~*~*~ (hiding).
 16593 | Lair:3   | 16593 ||| READING scroll of enchant armour.
 16593 | Lair:3   | 16593 ||| ENCHANTING +0 helmet.
 16760 | Lair:3   | 16760 ||| INVOKING Berserk.
 16918 | Lair:3   | 16918 ||| INVOKING Berserk.
 17205 | Lair:3   | 17205 ||| READING scroll labelled LIPNOUBL BOJO.
 17289 | Lair:4   | 17289 ||| INVOKING Berserk.
 17434 | Lair:4   | Identified the +6 whip of Malaise {vamp, rC+++ Will- Int+4
                  | Stlth-}
 17632 | Lair:4   | 17632 ||| Stepping ~*~*~tactically~*~*~ (stealth).
 17872 | Lair:4   | Reached skill level 15 in Shields
 17909 | Lair:4   | 17909 ||| INVOKING Berserk.
 18057 | Lair:4   | 18057 ||| INVOKING Berserk.
 18638 | Lair:4   | Found a viscous altar of Jiyva.
 18638 | Lair:4   | Found a staircase to the Slime Pits.
 18732 | Lair:4   | 18732 ||| READING scroll labelled YCLETO GEARIE.
 18831 | Lair:5   | Entered Level 5 of the Lair of Beasts
 18833 | Lair:5   | 18833 ||| INVOKING Berserk.
 18846 | Lair:5   | 18846 ||| STAIRDANCE
 18986 | Lair:5   | 18986 ||| STAIRDANCE
 18995 | Lair:5   | 18995 ||| STAIRDANCE
 19009 | Lair:5   | 19009 ||| INVOKING Berserk.
 19145 | Lair:5   | 19145 ||| INVOKING Berserk.
 19162 | Lair:5   | 19162 ||| INVOKING Brothers in Arms.
 19164 | Lair:5   | 19164 ||| INVOKING Brothers in Arms.
 19165 | Lair:5   | 19165 ||| Stepping ~*~*~tactically~*~*~ (water).
 19167 | Lair:5   | Gained mutation: Your large and strong wings let you fly.
                  | [Gargoyle growth]
 19167 | Lair:5   | Reached XP level 14. HP: 34/88 MP: 5/14
 19168 | Lair:5   | HP: 14/88 [wind drake/the air (20)]
 19169 | Lair:5   | 19169 ||| READING 2 scrolls of teleportation.
 19170 | Lair:5   | 19170 ||| DRINKING potion of heal wounds.
 19187 | Lair:5   | 19187 ||| Stepping ~*~*~tactically~*~*~ (stealth).
 19192 | Lair:5   | 19192 ||| INVOKING Berserk.
 19264 | Lair:5   | 19264 ||| Stepping ~*~*~tactically~*~*~ (stealth).
 19449 | Lair:5   | 19449 ||| Stepping ~*~*~tactically~*~*~ (stealth).
 19451 | Lair:5   | 19451 ||| Stepping ~*~*~tactically~*~*~ (hiding).
 19483 | Lair:5   | 19483 ||| FLEEEEING.
 19484 | Lair:5   | 19484 ||| FLEEEEING.
 19494 | Lair:5   | 19494 ||| STAIRDANCE
 19999 | Lair:5   | 19999 ||| Stepping ~*~*~tactically~*~*~ (stealth).
 20000 | Lair:5   | 20000 ||| INVOKING Trog's Hand.
 20001 | Lair:5   | 20001 ||| INVOKING Brothers in Arms.
 20002 | Lair:5   | 20002 ||| INVOKING Berserk.
 20230 | Lair:5   | 20230 ||| INVOKING Berserk.
 20692 | Lair:5   | 20692 ||| PLANNING D:1-11
 20692 | Lair:5   | 20692 ||| UPGRADING to +0 pair of boots.
 20697 | Lair:5   | 20697 ||| UPGRADING to ring of see invisible.
 20832 | D:10     | Entered Level 10 of the Dungeon
 21017 | D:10     | Identified the +3 leather armour of the Game of Kings
                  | {Str-4 Int+2 Dex+2}
 21050 | D:10     | Identified the +4 plate armour of Resonance {rC+}
 21144 | D:10     | Found a glowing golden altar of the Shining One.
 21147 | D:10     | Found a broken altar of Ashenzari.
 21150 | D:10     | Found a white marble altar of Elyvilon.
 21153 | D:10     | Found a sacrificial altar of Ru.
 21203 | D:10     | 21203 ||| Stepping ~*~*~tactically~*~*~ (hiding).
 21220 | D:10     | 21220 ||| INVOKING Berserk.
 21241 | D:10     | 21241 ||| Stepping ~*~*~tactically~*~*~ (stealth).
 21269 | D:10     | 21269 ||| FLEEEEING.
 21270 | D:10     | 21270 ||| FLEEEEING.
 21275 | D:10     | 21275 ||| Stepping ~*~*~tactically~*~*~ (stealth).
 21290 | D:10     | Found the +8 frozen axe "Frostbite" {freezing cloud, *Noise
                  | Fly rC+}
 21386 | D:10     | Found a bloodstained altar of Trog.
 21443 | D:10     | 21443 ||| Stepping ~*~*~tactically~*~*~ (hiding).
 21875 | D:10     | 21875 ||| UPGRADING to +4 plate armour of Resonance {rC+}.
 21885 | D:10     | 21885 ||| DROPPING +0 plate armour.
 21886 | D:10     | 21886 ||| READING scroll labelled WUREUCZ DORUU.
 21946 | D:11     | Noticed Erica
 21950 | D:11     | 21950 ||| INVOKING Berserk.
 21956 | D:11     | Killed Erica
 22065 | D:11     | 22065 ||| READING scroll of enchant armour.
 22065 | D:11     | 22065 ||| ENCHANTING +1 helmet.
 22149 | D:11     | 22149 ||| READING scroll of enchant armour.
 22149 | D:11     | 22149 ||| ENCHANTING +0 pair of boots.
 22213 | D:11     | Found a frozen archway.
 22233 | D:11     | Noticed Fannar
 22271 | D:11     | 22271 ||| Stepping ~*~*~tactically~*~*~ (hiding).
 22272 | D:11     | 22272 ||| Stepping ~*~*~tactically~*~*~ (hiding).
 22287 | D:11     | Killed Fannar
 22339 | D:11     | Noticed Lodul
 22340 | D:11     | 22340 ||| FLEEEEING.
 22342 | D:11     | 22342 ||| FLEEEEING.
 22343 | D:11     | 22343 ||| FLEEEEING.
 22344 | D:11     | 22344 ||| FLEEEEING.
 22345 | D:11     | 22345 ||| FLEEEEING.
 22346 | D:11     | 22346 ||| FLEEEEING.
 22347 | D:11     | 22347 ||| FLEEEEING.
 22348 | D:11     | 22348 ||| FLEEEEING.
 22349 | D:11     | 22349 ||| FLEEEEING.
 22363 | D:11     | 22363 ||| FLEEEEING.
 22364 | D:11     | 22364 ||| FLEEEEING.
 22365 | D:11     | 22365 ||| FLEEEEING.
 22366 | D:11     | 22366 ||| FLEEEEING.
 22367 | D:11     | 22367 ||| FLEEEEING.
 22368 | D:11     | 22368 ||| FLEEEEING.
 22370 | D:11     | 22370 ||| STAIRDANCE
 22374 | D:11     | 22374 ||| STAIRDANCE
 22382 | D:11     | 22382 ||| STAIRDANCE
 22391 | D:11     | 22391 ||| STAIRDANCE
 22398 | D:10     | Killed Lodul
 22409 | D:11     | 22409 ||| STAIRDANCE
 22417 | D:11     | 22417 ||| STAIRDANCE
 22428 | D:11     | 22428 ||| STAIRDANCE
 22574 | D:11     | 22574 ||| PLANNING D
 22638 | D:12     | Identified the +7 war axe of Duty {vorpal, Dex+3}
 22640 | D:12     | 22640 ||| SWAPPING to +7 war axe of Duty {vorpal, Dex+3}.
 22641 | D:12     | 22641 ||| DROPPING +2 vorpal war axe.
 22730 | D:12     | 22730 ||| Stepping ~*~*~tactically~*~*~ (stealth).
 22740 | D:12     | 22740 ||| INVOKING Brothers in Arms.
 22741 | D:12     | 22741 ||| INVOKING Berserk.
 22762 | D:12     | Reached skill level 3 in Dodging
 22905 | D:12     | 22905 ||| DROPPING +0 war axe of freezing.
 23021 | D:12     | 23021 ||| Stepping ~*~*~tactically~*~*~ (stealth).
 23027 | D:12     | Reached skill level 16 in Shields
 23040 | D:12     | 23040 ||| FLEEEEING.
 23043 | D:12     | 23043 ||| FLEEEEING.
 23044 | D:12     | 23044 ||| FLEEEEING.
 23045 | D:12     | 23045 ||| FLEEEEING.
 23207 | D:12     | Found a staircase to the Orcish Mines.
 23301 | D:13     | 23301 ||| Stepping ~*~*~tactically~*~*~ (hiding).
 23500 | D:13     | 23500 ||| INVOKING Berserk.
 23648 | D:13     | Reached XP level 15. HP: 94/94 MP: 15/15
 23766 | D:13     | Found a viscous altar of Jiyva.
 23988 | D:13     | 23988 ||| Stepping ~*~*~tactically~*~*~ (hiding).
 24002 | D:13     | 24002 ||| INVOKING Brothers in Arms.
 24005 | D:13     | 24005 ||| SWAPPING to +0 morningstar.
 24006 | D:13     | 24006 ||| INVOKING Berserk.
 24009 | D:13     | Reached skill level 15 in Axes
 24028 | D:13     | 24028 ||| SWAPPING to +7 war axe of Duty {vorpal, Dex+3}.
 24035 | D:13     | 24035 ||| INVOKING Brothers in Arms.
 24037 | D:13     | HP: 23/95 [fire elemental[a deep elf pyromancer] (6)]
 24038 | D:13     | 24038 ||| READING 3 scrolls of teleportation.
 24357 | D:13     | 24357 ||| Stepping ~*~*~tactically~*~*~ (stealth).
 24717 | D:13     | Reached skill level 12 in Fighting
 24930 | D:13     | 24930 ||| DROPPING +2 hat of stealth.
 24931 | D:13     | 24931 ||| DROPPING ring of ice.
 24979 | D:14     | 24979 ||| SWAPPING to +0 morningstar.
 24981 | D:14     | 24981 ||| INVOKING Berserk.
 25011 | D:14     | 25011 ||| STAIRDANCE
 25013 | D:13     | 25013 ||| SWAPPING to +7 war axe of Duty {vorpal, Dex+3}.
 25130 | D:14     | Found the ring of Shadows {Umbra +Inv Stlth+}
 25151 | D:14     | 25151 ||| Stepping ~*~*~tactically~*~*~ (hiding).
 25274 | D:14     | 25274 ||| INVOKING Berserk.
 25382 | D:14     | 25382 ||| DROPPING +6 whip of Malaise {vamp, rC+++ Will-
                  | Int+4 Stlth-}.
 25383 | D:14     | 25383 ||| DROPPING +0 morningstar.
 25405 | D:14     | 25405 ||| Stepping ~*~*~tactically~*~*~ (hiding).
 25414 | D:14     | 25414 ||| Stepping ~*~*~tactically~*~*~ (hiding).
 25542 | D:14     | 25542 ||| Stepping ~*~*~tactically~*~*~ (hiding).
 25788 | D:14     | 25788 ||| SWAPPING to +0 hand axe of flaming.
 25795 | D:14     | 25795 ||| SWAPPING to +7 war axe of Duty {vorpal, Dex+3}.
 25879 | D:14     | 25879 ||| INVOKING Trog's Hand.
 25884 | D:14     | 25884 ||| INVOKING Berserk.
 26040 | D:14     | 26040 ||| Stepping ~*~*~tactically~*~*~ (stealth).
 26043 | D:14     | 26043 ||| Stepping ~*~*~tactically~*~*~ (hiding).
 26069 | D:14     | 26069 ||| Stepping ~*~*~tactically~*~*~ (stealth).
 26077 | D:14     | 26077 ||| INVOKING Berserk.
 26159 | D:14     | 26159 ||| Stepping ~*~*~tactically~*~*~ (stealth).
 26161 | D:14     | 26161 ||| Stepping ~*~*~tactically~*~*~ (hiding).
 26165 | D:14     | 26165 ||| INVOKING Berserk.
 26205 | D:14     | 26205 ||| FLEEEEING.
 26248 | D:14     | 26248 ||| Stepping ~*~*~tactically~*~*~ (stealth).
 26249 | D:14     | 26249 ||| INVOKING Brothers in Arms.
 26250 | D:14     | 26250 ||| INVOKING Brothers in Arms.
 26251 | D:14     | 26251 ||| INVOKING Brothers in Arms.
 26252 | D:14     | 26252 ||| INVOKING Brothers in Arms.
 26254 | D:14     | 26254 ||| INVOKING Berserk.
 26356 | D:14     | 26356 ||| Stepping ~*~*~tactically~*~*~ (stealth).
 26358 | D:14     | 26358 ||| Stepping ~*~*~tactically~*~*~ (hiding).
 26360 | D:14     | 26360 ||| INVOKING Berserk.
 26374 | D:14     | 26374 ||| Stepping ~*~*~tactically~*~*~ (stealth).
 26377 | D:14     | 26377 ||| Stepping ~*~*~tactically~*~*~ (stealth).
 26378 | D:14     | 26378 ||| Stepping ~*~*~tactically~*~*~ (stealth).
 26379 | D:14     | 26379 ||| Stepping ~*~*~tactically~*~*~ (stealth).
 26389 | D:14     | 26389 ||| Stepping ~*~*~tactically~*~*~ (stealth).
 26391 | D:14     | 26391 ||| Stepping ~*~*~tactically~*~*~ (stealth).
 26408 | D:14     | 26408 ||| Stepping ~*~*~tactically~*~*~ (stealth).
 26421 | D:14     | 26421 ||| Stepping ~*~*~tactically~*~*~ (stealth).
 26497 | D:14     | 26497 ||| Stepping ~*~*~tactically~*~*~ (hiding).
 26503 | D:14     | 26503 ||| SWAPPING to +0 hand axe of flaming.
 26522 | D:14     | 26522 ||| SWAPPING to +7 war axe of Duty {vorpal, Dex+3}.
 26743 | D:14     | Found a gate to the Vaults.
 26770 | D:14     | 26770 ||| UPGRADING to +2 pair of boots.
 26780 | D:14     | 26780 ||| DROPPING +1 pair of boots.
 26786 | D:15     | Entered Level 15 of the Dungeon
 26787 | D:15     | 26787 ||| PLANNING GAUNTLET
 26793 | D:15     | 26793 ||| Stepping ~*~*~tactically~*~*~ (hiding).
 26794 | D:15     | 26794 ||| Stepping ~*~*~tactically~*~*~ (hiding).
 26796 | D:15     | 26796 ||| INVOKING Berserk.
 26805 | D:15     | Reached skill level 12 in Armour
 26985 | D:15     | Found Lklouka's Luxury Loot.
 27000 | D:15     | Found a gate leading to a gauntlet.
 27009 | Gauntlet | Entered a Gauntlet
 27009 | Gauntlet | Found a transporter.
 27018 | Gauntlet | Found a transporter.
 27019 | Gauntlet | Found a transporter.
 27030 | Gauntlet | Found a transporter.
 27033 | Gauntlet | Found a transporter.
 27041 | Gauntlet | Found the +1 cloak of Starlight {*Dazzle EV+4 Stlth--}
 27044 | Gauntlet | Found a transporter.
 27063 | Gauntlet | Found a transporter.
 27074 | Gauntlet | Found a transporter.
 27084 | Gauntlet | Found a transporter.
 27103 | Gauntlet | Found a transporter.
 27116 | Gauntlet | Found a runed translucent door.
 27117 | Gauntlet | Found a transporter.
 27117 | Gauntlet | Found a transporter.
 27119 | Gauntlet | Found a runed translucent door.
 27166 | Gauntlet | Found a transporter.
 27187 | Gauntlet | Found a transporter.
 27413 | Gauntlet | 27413 ||| DROPPING +0 pair of gloves of stealth.
 27456 | Gauntlet | 27456 ||| INVOKING Berserk.
 27464 | Gauntlet | Reached XP level 16. HP: 101/101 MP: 16/16
 27618 | Gauntlet | 27618 ||| DROPPING ring of protection from cold.
 27633 | D:15     | 27633 ||| PLANNING D
 27646 | D:15     | 27646 ||| INVOKING Berserk.
 27796 | D:15     | 27796 ||| INVOKING Berserk.
 28018 | D:15     | 28018 ||| INVOKING Berserk.
 28036 | D:15     | 28036 ||| INVOKING Trog's Hand.
 28049 | D:15     | HP: 23/101 [skeletal warrior/+1 glaive of freezing[a
                  | boggart] (5)]
 28050 | D:15     | 28050 ||| READING 4 scrolls of teleportation.
 28050 | D:15     | HP: 7/101 [skeletal warrior/+0 flail[a boggart] (8)]
 28051 | D:15     | 28051 ||| DRINKING 2 potions of heal wounds.
 28053 | D:15     | 28053 ||| READING 3 scrolls of teleportation.
 28054 | D:15     | 28054 ||| DRINKING potion of heal wounds.
 28266 | D:15     | 28266 ||| INVOKING Berserk.
 28271 | D:15     | Reached skill level 6 in Throwing
 28438 | D:15     | 28438 ||| FLEEEEING.
 28439 | D:15     | 28439 ||| FLEEEEING.
 28440 | D:15     | 28440 ||| FLEEEEING.
 28444 | D:15     | 28444 ||| SWAPPING to +0 hand axe of flaming.
 28446 | D:15     | 28446 ||| INVOKING Berserk.
 28462 | D:15     | Reached skill level 17 in Shields
 28499 | D:15     | 28499 ||| SWAPPING to +7 war axe of Duty {vorpal, Dex+3}.
 28698 | D:15     | Identified the +9 trident of the Unspeakable One {drain,
                  | *Slow rF++}
 28879 | D:15     | Found a staircase to the Depths.
 29084 | D:15     | 29084 ||| PLANNING ORC
 29173 | Orc:1    | Entered Level 1 of the Orcish Mines
 29262 | Orc:1    | 29262 ||| Stepping ~*~*~tactically~*~*~ (hiding).
 29268 | Orc:1    | 29268 ||| INVOKING Berserk.
 29285 | Orc:1    | HP: 18/101 [orc knight/+0 glaive (18)]
 29285 | Orc:1    | HP: 1/101 [orc knight/+1 great sword of electrocution (17)]
 29286 | Orc:1    | 29286 ||| READING 2 scrolls of teleportation.
 29288 | Orc:1    | Mangled by an orc knight

Levels and vault maps discovered:
D:1:      matt_arrival_grand_opening, layout_basic, serial_shops,
          nicolae_shop_temple_entry_statues_fountains
D:2:      layout_basic, minmay_hexomino_c4
D:3:      layout_rooms, nicolae_overflow_hidden_temple,
          hellmonk_ecumenical_altar_arch_garden, portal_sewer_entry_a,
          uniq_robin, uniq_grinder
D:4:      layout_basic, serial_corexii_hall, corexii_hall_statues_u,
          corexii_hall_statues_i, st_stairs_1, uniq_blork_the_orc
D:5:      layout_gridville, mainiacjoe_overflow_boulevard,
          pdpol_wu_jian_five_deadly_venoms, nicolae_ossuary_entry_catacombs,
          chequers_serial_rivers_room_a, saegor_snake_ambush, uniq_menkaure
D:6:      layout_layer_cave, uniq_crazy_yiuf_cottage
D:7:      statuecave_lemuel, layout_rooms, eat_drink_and_be_merry_uskayaw,
          lemuel_tele_altar, minmay_temple_entry_fiery
D:8:      layout_loops_ring, mainiacjoe_overflow_alcove_4, columned_hall_lemuel
D:9:      layout_gridville, mainiacjoe_overflow_surrounded_room,
          kennysheep_mini, erik_lair_orcish_takeover
D:10:     minmay_coctagon, layout_irregular_city, mainiacjoe_overflow_brackets,
          grunt_temple_overflow_cloverleaf, hive_lemuel
D:11:     layout_rooms, portal_ice_cave_rime, uniq_lodul, uniq_fannar,
          uniq_erica
D:12:     layout_roguey, minmay_orc_entry_guard_dogs
D:13:     minmay_the_grid_octo_tiled_squarecenter_mashed
          [minmay_the_grid_octo_empty, minmay_the_grid_octo_teeth,
          minmay_the_grid_octo_empty, minmay_the_grid_octo_focus,
          minmay_the_grid_square_5x5_megaprize_hollow,
          minmay_the_grid_square_5x5_six, minmay_the_grid_square_5x5_misaligned,
          minmay_the_grid_square_5x5_plus, minmay_the_grid_square_5x5_z],
          layout_long_grid, jiyva_altar_1
D:14:     layout_long_grid, david_vaults_3, hangedman_decor_slide_cut
D:15:     hangedman_depths_entry_civil_slaughter, layout_long_grid,
          skrybe_limestone_x, gauntlet_entry_generic, nicolae_alphabet_shops
Lair:1:   layout_hall_layers, serial_bayou_shore_a, uniq_gastronok, uniq_joseph
Lair:2:   layout_gridlike, minmay_swamp_entry_reptiles,
          nicolae_volcano_entry_two_sided, cheibrodos_lair_caveside_slide
Lair:3:   layout_misc_corridors, guppyfry_snake_entry_island, special_room
          [special_room_mythical_zoo], kilobyte_rumbling_trees, uniq_kirke
Lair:4:   beast_lair_carwin_large_1, layout_gridlike, dpeg_slime_entry_enclosed,
          serial_bayou_shore_b
Lair:5:   gammafunk_lair_ancient_temple, layout_regular_city,
          serial_bayou_pond_a, chequers_serial_rivers_room_a,
          serial_bayou_shore_b
Orc:1:    layout_caves, special_room [special_room_orc]

Skill      XL: |  1  2  3  4  5  6  7  8  9 10 11 12 13 14 15 16 |
---------------+-------------------------------------------------+-----
Axes           | 3 4 6 7 9 10 11 12 13 14 16 | 16.0
Fighting       | 4 5 6 8 9 10 11 12 | 12.0
Armour         | 3 4 6 9 10 11 12 | 12.0
Throwing       | 1 3 4 5 6 |  6.8
Shields        | 8 13 14 15 16 17 | 17.0
Dodging        | 2 3 |  3.2

Action                   |  1- 3 |  4- 6 |  7- 9 | 10-12 | 13-15 | 16-18 || total
-------------------------+-------+-------+-------+-------+-------+-------++-------
Melee: Hand axe          |   142 |    38 |       |       |    23 |    39 ||   242
       Punch             |     1 |       |     7 |       |       |       ||     8
       War axe           |       |    36 |   359 |   586 |  1080 |    77 ||  2138
       Morningstar       |       |       |       |       |    30 |       ||    30
Throw: Boomerang         |       |       |    51 |    69 |    80 |       ||   200
       Javelin           |       |       |       |     9 |    81 |     8 ||    98
Invok: Berserk           |     1 |     2 |    12 |    21 |    30 |     6 ||    72
       Trog's Hand       |       |     2 |       |     1 |     2 |     1 ||     6
       Brothers in Arms  |       |       |       |       |     7 |       ||     7
  Use: Scroll            |     7 |     5 |     7 |     8 |     9 |     3 ||    39
       Potion            |       |     2 |     1 |     2 |     2 |     2 ||     9
 Stab: Petrified         |       |       |       |       |     1 |       ||     1
Armor: Animal skin       |    35 |       |       |       |       |       ||    35
       Scale mail        |    29 |    21 |       |       |       |       ||    50
       Chain mail        |       |     6 |   178 |   251 |       |       ||   435
       Plate armour      |       |       |       |    54 |   537 |    96 ||   687
Dodge: Dodged            |   120 |    39 |   155 |   246 |   334 |    49 ||   943
Block: Tower shield      |       |       |       |   444 |  1062 |   147 ||  1653

Table legend:
 A = Non-vault XP
 B = Vault XP
 C = Vault XP percentage of total XP
 D = Non-vault monster count
 E = Vault monster count
 F = Vault count percentage of total count
                 A         B        C        D         E       F
            +---------+---------+-------+---------+---------+-------
      Total |   85069 |   54745 |  39.2 |     439 |     218 |  33.2
            +---------+---------+-------+---------+---------+-------
        D:1 |      32 |       0 |   0.0 |      18 |       0 |   0.0
        D:2 |      49 |       6 |  10.9 |      22 |       5 |  18.5
        D:3 |     186 |     337 |  64.4 |      20 |      19 |  48.7
        D:4 |     552 |     103 |  15.7 |      24 |       3 |  11.1
        D:5 |     635 |     476 |  42.8 |      13 |       8 |  38.1
        D:6 |     937 |       0 |   0.0 |      16 |       0 |   0.0
        D:7 |    2424 |       0 |   0.0 |      41 |       0 |   0.0
        D:8 |     653 |       0 |   0.0 |      19 |       0 |   0.0
        D:9 |    2038 |     602 |  22.8 |      29 |       8 |  21.6
       D:10 |    3496 |    3668 |  51.2 |      16 |      14 |  46.7
       D:11 |     784 |    2702 |  77.5 |       2 |       6 |  75.0
       D:12 |    6600 |     644 |   8.9 |      17 |       4 |  19.0
       D:13 |    7813 |    9185 |  54.0 |      13 |      24 |  64.9
       D:14 |   15640 |    6267 |  28.6 |      36 |      20 |  35.7
       D:15 |    8609 |    4035 |  31.9 |      24 |       6 |  20.0
     Lair:1 |    5966 |    1926 |  24.4 |      28 |       2 |   6.7
     Lair:2 |   11478 |    2739 |  19.3 |      40 |      10 |  20.0
     Lair:3 |    5773 |    6236 |  51.9 |      19 |      33 |  63.5
     Lair:4 |    4464 |    2566 |  36.5 |      20 |       9 |  31.0
     Lair:5 |    6940 |    7388 |  51.6 |      22 |      21 |  48.8
      Orc:1 |       0 |    1370 | 100.0 |       0 |       5 | 100.0
      Sewer |       0 |     145 | 100.0 |       0 |       1 | 100.0
   Gauntlet |       0 |    4350 | 100.0 |       0 |      20 | 100.0
            +---------+---------+-------+---------+---------+-------
